 Dungeon Sprint DCSS version 0.30-a0-870-gc5d4c5acee (webtiles) character file.

Game seed: 17221521165080833432

1213 fozzywoppz the Fighter (level 8, -1/64 HPs)
             Began as a Gargoyle Fighter on Mar 11, 2023.
             Was an Initiate of Jiyva.
             Slain by a two-headed ogre
             ... wielding a +0 giant spiked club
              (11 damage)
             ... in the Dungeon (Sprint IX: "|||||||||||||||||||||||||||||").
             The game lasted 00:02:33 (249 turns).

fozzywoppz the Fighter (Gargoyle Fighter)            Turns: 249, Time: 00:02:34

Health: -1/64      AC: 18    Str: 23    XL:     8   Next: 46%
Magic:  8/8        EV:  7    Int:  9    God:    Jiyva [......]
Gold:   0          SH:  5    Dex: 14    Spells: 7/7 levels left

rFire   . . .      SeeInvis .      - Unarmed
rCold   . . .      Faith    .    b - +0 buckler
rNeg    + . .      Spirit   .    m - +1 chain mail
rPois   ∞          Reflect  .    (no helmet)
rElec   +          Rampage  .    n - +0 cloak
rCorr   .          NoTele   +    o - +0 pair of gloves
Will    .....                    (no boots) Stlth
                                 (no amulet)
HPRegen 0.30/turn                k - +3 ring of dexterity
MPRegen 0.11/turn                l - +3 ring of strength

@: no status effects
A: sickness immunity, AC +5, negative energy resistance 1, electricity
resistance, torment resistance 1, petrification resistance
a: Renounce Religion


You were in the Dungeon.
You worshipped Jiyva.
Jiyva was noncommittal.
You visited 1 branch

Inventory:

Missiles
 a - 3 poisoned darts (quivered)
Armour
 b - a +0 buckler (worn)
 m - a +1 chain mail (worn)
 n - a +0 cloak (worn)
 o - a +0 pair of gloves (worn)
Jewellery
 k - a +3 ring of dexterity (left hand)
 l - a +3 ring of strength (right hand)
Wands
 j - a wand of iceblast (10)
Scrolls
 f - 2 scrolls of amnesia
 i - 2 scrolls of blinking
Potions
 c - a potion of invisibility
 d - 5 potions of curing
 g - 4 potions of magic


   Skills:
 + Level 13.9 Fighting
 - Level 5.0 Armour
 - Level 5.0 Shields
 + Level 12.5 Unarmed Combat


You had 7 spell levels left.
You didn't know any spells.
Your spell library was empty.

Dungeon Overview and Level Annotations

Branches:
Dungeon (1/1)

Altars:
Cheibriados
Dithmenos
Elyvilon
Fedhas
Gozag
Hepliaklqana
Kikubaaqudgha
Makhleb
Nemelex Xobeh
Okawaru
Qazlal
Ru
Sif Muna
Trog
Uskayaw
Vehumet
Wu Jian
Xom
Yredelemnul
Zin
The Shining One
Jiyva
Lugonu


Innate Abilities, Weirdness & Mutations

You are immune to sickness and miasma.
Your stone body is resilient. (AC +5)
You are immune to poison.
You resist negative energy. (rN+)
You are resistant to electric shocks. (rElec)
You are resistant to unholy torment.
You are immune to petrification.


Message History

a - 3 poisoned darts You start resting.
You feel yourself speed up.
You open the door.
A boulder beetle, a centaur warrior, a brown ugly thing, a two-headed ogre and a gargoyle come into view.
The two-headed ogre shouts in stereo!
You feel much better.
The gargoyle hurls a stone arrow at you.
The stone arrow hits you!
You punch the gargoyle!
The gargoyle is heavily damaged.
The gargoyle hits you but does no damage.
You completely miss the gargoyle.
The gargoyle is heavily damaged.
You punch the gargoyle!
The gargoyle is severely damaged.
The gargoyle hits you with a +0 morningstar!
You punch the gargoyle!
You destroy the gargoyle!
Your Unarmed Combat skill increases to level 12!
You hit the two-headed ogre but do no damage.
The two-headed ogre barely misses you. You block the two-headed ogre's attack.
The boulder beetle curls into a ball and begins rolling!
You pummel the two-headed ogre!!
The two-headed ogre is heavily wounded.
You recover from your berserk rage.
You hit the two-headed ogre but do no damage.
The two-headed ogre is heavily wounded.
The boulder beetle stops rolling and uncurls.
The two-headed ogre hits you with a +0 giant spiked club!!
* * * LOW HITPOINT WARNING * * *
The two-headed ogre hits you but does no damage.
Unknown command.
You feel much better.
You punch the two-headed ogre!
The two-headed ogre is severely wounded.
The two-headed ogre hits you with a +0 giant spiked club!!
* * * LOW HITPOINT WARNING * * *
The two-headed ogre hits you with a +0 giant club!
You die... ▓▓▓▓▓▓▓▓▓▓▓▓▓▓▓▓▓▓▓▓▓▓▓▓ ..B{cuO@.)).)'...[..)..' ▓▓▓▓▓▓▓▓▓▓▓▓▓▓▓▓▓▓▓▓▓▓▓▓

You could see a boulder beetle, a brown ugly thing, a centaur warrior and a two-headed ogre.

Vanquished Creatures
  A gargoyle (D)
  A troll (D)
  A wraith (D)
  A wyvern (D)
  An orc warrior (D)
  An ogre (D)
  2 kobold brigands (D)
  A scorpion (D)
  An iguana (D)
  A gnoll (D)
  2 endoplasms (D)
  A goblin (D)
  A quokka (D)
  2 kobolds (D)
17 creatures vanquished.

Vanquished Creatures (others)
  A great orb of eyes (D)
  A glowing orange brain (D)
  2 slime creatures (D)
4 creatures vanquished.

Grand Total: 21 creatures vanquished

Notes
Turn   | Place    | Note
-------+----------+-------------------------------------------
     0 | D        | fozzywoppz the Gargoyle Fighter began the quest for the
                  | Orb.
     0 | D        | Reached XP level 1. HP: 14/14 MP: 1/1
    53 | D        | Noticed an iguana
    53 | D        | Noticed a scorpion
    53 | D        | Noticed an ogre
    57 | D        | Reached XP level 2. HP: 20/20 MP: 2/2
    61 | D        | Killed an ogre
    62 | D        | Reached skill level 6 in Fighting
    62 | D        | Reached skill level 5 in Armour
    62 | D        | Reached skill level 5 in Shields
    62 | D        | Reached skill level 5 in Unarmed Combat
    62 | D        | Reached XP level 3. HP: 28/28 MP: 3/3
    62 | D        | Reached XP level 4. HP: 32/32 MP: 4/4
    72 | D        | Killed a scorpion
    73 | D        | Reached skill level 8 in Fighting
    73 | D        | Reached XP level 5. HP: 33/39 MP: 5/5
    81 | D        | Found a snail-covered altar of Cheibriados.
    81 | D        | Found a shadowy altar of Dithmenos.
    81 | D        | Found a white marble altar of Elyvilon.
    81 | D        | Found a blossoming altar of Fedhas.
    81 | D        | Found an opulent altar of Gozag.
    82 | D        | Found a hazy altar of Hepliaklqana.
    83 | D        | Found a viscous altar of Jiyva.
    84 | D        | Found an ancient bone altar of Kikubaaqudgha.
    85 | D        | Found a corrupted altar of Lugonu.
    86 | D        | Found a burning altar of Makhleb.
    87 | D        | Found a sparkling altar of Nemelex Xobeh.
    88 | D        | Found an iron altar of Okawaru.
    89 | D        | Found a stormy altar of Qazlal.
    90 | D        | Found a sacrificial altar of Ru.
    91 | D        | Found a shimmering blue altar of Sif Muna.
    92 | D        | Found a bloodstained altar of Trog.
    93 | D        | Found a hide-covered altar of Uskayaw.
    94 | D        | Found a radiant altar of Vehumet.
    97 | D        | Found an ornate altar of the Wu Jian Council.
    98 | D        | Found a shimmering altar of Xom.
    99 | D        | Found a basalt altar of Yredelemnul.
   100 | D        | Found a glowing silver altar of Zin.
   101 | D        | Found a glowing golden altar of the Shining One.
   125 | D        | Became a worshipper of Jiyva Jete the Shapeless
   126 | D        | Killed a slime creature
   128 | D        | Killed a slime creature
   130 | D        | Killed a glowing orange brain
   130 | D        | Killed a great orb of eyes
   198 | D        | Noticed a wyvern
   198 | D        | Noticed a kobold brigand
   198 | D        | Noticed a kobold brigand
   198 | D        | Noticed a wraith
   198 | D        | Noticed a troll
   198 | D        | Noticed an orc warrior
   203 | D        | Killed an orc warrior
   204 | D        | Reached skill level 9 in Fighting
   204 | D        | Reached XP level 6. HP: 48/48 MP: 6/6
   205 | D        | Killed a troll
   206 | D        | Reached skill level 11 in Fighting
   206 | D        | Reached skill level 10 in Unarmed Combat
   206 | D        | Reached XP level 7. HP: 54/54 MP: 7/7
   214 | D        | Killed a wraith
   215 | D        | Reached skill level 12 in Fighting
   227 | D        | Killed a wyvern
   228 | D        | Reached skill level 13 in Fighting
   228 | D        | Reached XP level 8. HP: 24/63 MP: 8/8
   239 | D        | Noticed a boulder beetle
   239 | D        | Noticed a centaur warrior
   239 | D        | Noticed a brown ugly thing
   239 | D        | Noticed a two-headed ogre
   239 | D        | Noticed a gargoyle
   244 | D        | Killed a gargoyle
   249 | D        | Slain by a two-headed ogre

Illustrated notes

Levels and vault maps discovered:
D:        linesprint [early_d, line_temple, items_1, d_10, items_2, lair_1,
          lair_end, items_3, orc_1, orc_end, items_4, d_15, swamp_1, shoals_1,
          snake_1, spider_1, d_20, vaults_1, items_5, swamp_end, shoals_end,
          snake_end, spider_end, vaults_end, d_27, items_6, zot_1, zot_end,
          crypt_end, forest_end, elf_end, slime_end, tomb_end, abyss_end,
          pan_hell_end]

Skill      XL: |  1  2  3  4  5  6  7  8 |
---------------+-------------------------+-----
Fighting       | 6 8 9 11 13 | 13.9
Armour         | 5 |  5.0
Shields        | 5 |  5.0
Unarmed Combat | 5 6 8 10 11 12 | 12.5

Action                     |  1- 3 |  4- 6 |  7- 9 || total
---------------------------+-------+-------+-------++-------
  Melee: Unarmed           |    29 |    18 |    27 ||    74
    Use: Potion            |     3 |     1 |     2 ||     6
 Armour: Scale mail        |     9 |     1 |       ||    10
         Chain mail        |       |     1 |     8 ||     9
  Dodge: Dodged            |     6 |     5 |     5 ||    16
  Block: Buckler           |     4 |     2 |     5 ||    11

Table legend: (Time is in decaauts)
 A = Elapsed time spent in this place.
 B = Non-inter-level travel time spent in this place.
 C = Inter-level travel time spent in this place.
 D = Time resting spent in this place.
 E = Time spent auto-exploring this place.
 F = Levels seen in this place.
 G = Mean time per level.
                   A        B        C        D        E       F      G
               +--------+--------+--------+--------+--------+-----+--------+
         Total |    227 |    227 |      0 |     29 |      0 |   1 |  227.0 |
       Dungeon |    227 |    227 |      0 |     29 |      0 |   1 |  227.0 |
               +--------+--------+--------+--------+--------+-----+--------+

Top non-repeatable levels by time:
       D: 227 daAuts
